 Dungeon Crawl Stone Soup version 0.23.2-40-g277498a (webtiles) character file.

Game seed: 8219016738244473416

422 Fang the Skirmisher (level 6, 0/60 HPs)
             Began as a Gargoyle Berserker on Sept 4, 2019.
             Was a Believer of Trog.
             Slain by a hornet (5 damage)
             ... on level 4 of the Dungeon.
             The game lasted 00:03:22 (3199 turns).

Fang the Skirmisher (Gargoyle Berserker)            Turns: 3199, Time: 00:03:23

Health: 0/60       AC: 13    Str: 28    XL:     6   Next: 95%
Magic:  6/6        EV: 10    Int:  7    God:    Trog [**....]
Gold:   131        SH:  0    Dex:  9    Spells: 5/5 levels left

rFire    . . .     SeeInvis .   a - +0 hand axe
rCold    + . .     Gourm    .   (no shield)
rNeg     + . .     Faith    .   b - +0 chain mail
rPois    ∞         Spirit   .   (no helmet)
rElec    +         Reflect  .   (no cloak)
rCorr    .         Harm     .   (no gloves)
MR       .....                  (no boots)
Stlth    ..........             (no amulet)
HPRegen  0.20/turn              n - ring of protection from cold
MPRegen  0.10/turn              (no ring)

@: berserking, very quick
A: negative energy resistance 1, electricity resistance, unbreathing,
petrification resistance, rot immunity, AC +4
a: Berserk, Trog's Hand, Renounce Religion


You were on level 4 of the Dungeon.
You worshipped Trog.
Trog was pleased with you.
You were very hungry.

You visited 1 branch of the dungeon, and saw 5 of its levels.

You collected 131 gold pieces.

Inventory:

Hand Weapons
 a - a +0 hand axe (weapon)
Armour
 b - a +0 chain mail (worn)
Jewellery
 n - a ring of protection from cold (left hand)
 r - an uncursed ring of resist corrosion {unknown}
Scrolls
 e - 4 scrolls of identify {unknown}
 f - 2 scrolls of remove curse {unknown}
 g - 2 scrolls of magic mapping {unknown}
 j - 2 scrolls of enchant armour {unknown}
 m - 2 scrolls of enchant weapon {unknown}
 o - a scroll of fear {unknown}
 p - a scroll of fog {unknown}
 q - a scroll of amnesia {unknown}
Potions
 d - 2 potions of lignification {unknown}
 h - a potion of curing {unknown}
 i - a potion of agility {unknown}
 k - a potion of flight {unknown}
 l - a potion of invisibility {unknown}
Comestibles
 c - 8 rations
 s - 2 chunks of flesh


   Skills:
 + Level 5.0 Fighting
 + Level 4.1 Axes
 + Level 4.3 Armour
 + Level 3.2 Dodging


You had 5 spell levels left.
You didn't know any spells.
Your spell library was empty.

Dungeon Overview and Level Annotations

Branches:
Dungeon (5/15)
 Temple: D:4-7

Altars:
Gozag
Kikubaaqudgha
Ru
Uskayaw
Yredelemnul

Shops:
D:4 (


Innate Abilities, Weirdness & Mutations

You are resistant to torment.
Your stone body is resilient. (AC +4)
You are immune to poison.
You resist negative energy. (rN+)
You are resistant to electric shocks. (rElec)
You can survive without breathing.
You are immune to petrification.
You are immune to rotting.


Message History

The hornet is moderately wounded.
You hit the worker ant. The hornet closely misses you.
The hornet barely misses you.
You closely miss the hornet.
The hornet is moderately wounded.
You slash the worker ant!
The worker ant bites you but does no damage.
The hornet barely misses you.
You miss the hornet.
The hornet is moderately wounded.
You hit the worker ant.
You kill the worker ant!
Trog accepts your kill.
Your Fighting skill increases to level 5!
The hornet stings you!
* * * LOW HITPOINT WARNING * * *
You closely miss the hornet.
The hornet is moderately wounded.
The hornet stings you.
You die...

#...######.#...#...(..##..###
#.### ##.###...###..##....#
..#######..# ##..# ##.###.#.#
..........## ##..# #.###.#.#
..........####...# #..##.[.#
..######.......#.# #...##..#
.........##...##.# #.#.##..#
..##.......##.##.## #.#.#####
..#..#####.##...@y###[#..##
....## #(..###.†.##.##..#
...## ###..............#
.)|)## ####.#.###.###.#
.##..# #.....#.# ### ####.#
####..#.# #.# ####....## #.##
####....##..### #..##
#....#####....####


You could see a hornet.

Vanquished Creatures
  A phantom (D:3)
  An ogre (D:4)
  A hound (D:5)
  2 iguanas (D:4)
  2 worker ants (D:4)
  6 adders
  An adder skeleton (D:4)
  3 worms
  A dart slug (D:4)
  2 leopard geckos
  5 orcs
  3 bat zombies (D:3)
  4 giant cockroaches
  2 goblins
  6 hobgoblins
  4 jackals (D:3)
  2 quokkas
  4 bats
  3 frilled lizards
  6 kobolds
  6 rats
  A spectral orc (D:3)
66 creatures vanquished.

Notes
Turn   | Place    | Note
-------+----------+-------------------------------------------
     0 | D:1      | Fang the Gargoyle Berserker began the quest for the Orb.
     0 | D:1      | Reached XP level 1. HP: 14/14 MP: 1/1
   268 | D:1      | Reached XP level 2. HP: 17/19 MP: 2/2
   924 | D:2      | Found an opulent altar of Gozag.
   982 | D:2      | Reached XP level 3. HP: 16/23 MP: 3/3
  1610 | D:3      | Found a hide-covered altar of Uskayaw.
  1653 | D:3      | Reached XP level 4. HP: 29/29 MP: 4/4
  1669 | D:3      | Found a basalt altar of Yredelemnul.
  1673 | D:3      | Reached ** piety under Trog
  1696 | D:3      | Found a sacrificial altar of Ru.
  1747 | D:3      | Noticed a phantom
  1800 | D:3      | Killed a phantom
  1800 | D:3      | Reached skill level 4 in Fighting
  1800 | D:3      | Reached XP level 5. HP: 10/33 MP: 5/5
  2208 | D:3      | Found an ancient bone altar of Kikubaaqudgha.
  2548 | D:4      | Reached XP level 6. HP: 26/39 MP: 6/6
  2880 | D:4      | Found Beacw's Weapon Shoppe.
  3180 | D:5      | Entered Level 5 of the Dungeon
  3184 | D:5      | Noticed a hornet
  3198 | D:4      | Reached skill level 5 in Fighting
  3199 | D:4      | Slain by a hornet

Skill      XL: |  1  2  3  4  5  6 |
---------------+-------------------+-----
Axes           | 3 4 |  4.1
Dodging        | 2 3 |  3.2
Armour         | 3 4 |  4.3
Fighting       | 4 5 |  5.0

Action                   |  1- 3 |  4- 6 || total
-------------------------+-------+-------++-------
Melee: Hand axe          |    99 |   174 ||   273
Invok: Berserk           |       |     4 ||     4
  Eat: Chunk             |     2 |     8 ||    10
Armor: Chain mail        |    61 |   113 ||   174
Dodge: Dodged            |    42 |    99 ||   141
